 Dungeon Crawl Stone Soup version 0.28-a0-627-g4e9751bbfc (webtiles) character file.

Game seed: 12750074919118590758

32 OfficerJojo the Grasshopper (level 3, -1/33 HPs)
             Began as a Naga Warper on Oct 8, 2021.
             Was an Initiate of Okawaru.
             Slain by an adder (3 damage)
             ... on level 2 of the Dungeon.
             The game lasted 00:06:57 (2164 turns).

OfficerJojo the Grasshopper (Naga Warper)           Turns: 2164, Time: 00:06:57

Health: -1/33      AC:  3    Str: 13    XL:     3   Next: 25%
Magic:  6/6        EV:  9    Int: 14    God:    Okawaru [......]
Gold:   52         SH:  0    Dex: 10    Spells: 6/6 levels left

rFire   . . .      SeeInvis +   a - +0 spear
rCold   . . .      Faith    .   (no shield)
rNeg    . . .      Spirit   .   b - +1 leather armour
rPois   +          Reflect  .   (no helmet)
rElec   .          Harm     .   (no cloak)
rCorr   .          Rampage  .   (no gloves)
Will    .....                   (no barding)
Stlth   +.........              (no amulet)
HPRegen 0.11/turn               (no ring)
MPRegen 0.10/turn               (no ring)

@: about to teleport, flying, very slow
A: AC +1, large, see invisible, deformed body, poison resistance, slowness 2,
spit poison 1, naga tail 1
a: Spit Poison, Renounce Religion


You were on level 2 of the Dungeon.
You worshipped Okawaru.
Okawaru was noncommittal.
You visited 1 branch of the dungeon, and saw 2 of its levels.

You collected 52 gold pieces.

Inventory:

Hand Weapons
 a - a +0 spear (weapon)
Missiles
 d - 4 boomerangs of dispersal (quivered)
Armour
 b - a +1 leather armour (worn)
 k - a +0 cloak
Scrolls
 c - a scroll of blinking
 j - a scroll of noise {unknown}


   Skills:
 + Level 2.3 Fighting
 + Level 2.3 Polearms
 - Level 0.8 Throwing
 + Level 1.2 Armour
 + Level 1.8 Dodging
 + Level 0.6 Stealth
 + Level 2.1 Spellcasting
 + Level 3.2 Translocations


You had 6 spell levels left.
You didn't know any spells.
Your spell library contained the following spells:

 Spells                   Type           Power      Damage    Failure   Level
 Blink                    Tloc           N/A        N/A       12%         2
 Gell's Gravitas          Tloc           5%         N/A       24%         3
 Lesser Beckoning         Tloc           10%        N/A       24%         3
 Teleport Other           Tloc           10%        N/A       24%         3
 Manifold Assault         Tloc           10%        N/A       92%         5


Dungeon Overview and Level Annotations

Branches:
Dungeon (2/15)

Altars:
Okawaru


Innate Abilities, Weirdness & Mutations

Your serpentine skin is tough. (AC +1)
You have supernaturally acute eyesight. (SInv)
Armour fits poorly on your strangely shaped body.
Your system is resistant to poisons. (rPois)
You cover ground very slowly.
You can spit poison.
You have a snake-like lower body.


Message History

The phantom barely misses you.
It was a potion of curing.
You feel better.
You feel less invigorated. The bat hits you.
The kobold hits you with a +0 short sword.
The phantom closely misses you.
It was a potion of flight.
You feel very buoyant.
You fly up into the air.
The bat closely misses you. The bat barely misses you.
The kobold hits you with a +0 short sword.
The phantom closely misses you.
A ball python comes into view.
The bat hits you but does no damage.
An adder comes into view.
Found 12 gold pieces.
The adder hisses angrily.
The bat hits you. The bat barely misses you.
The bat hits you but does no damage. The adder bites you.
The phantom barely misses you. The bat closely misses you.
The adder bites you but does no damage.
The kobold hits you with a +0 short sword.
The adder closely misses you.
The ball python bites you but does no damage.
You closely miss the bat. The bat closely misses you.
The adder closely misses you. The ball python barely misses you.
The adder bites you. The ball python bites you.
* * * LOW HITPOINT WARNING * * *
The phantom closely misses you. The bat barely misses you.
The bat hits you but does no damage. The adder bites you.
* * * LOW HITPOINT WARNING * * *
The ball python bites you but does no damage.
The bat barely misses you. The adder bites you.
* * * LOW HITPOINT WARNING * * *
The kobold hits you with a +0 short sword.
* * * LOW HITPOINT WARNING * * *
As you read the scroll labelled ALO OCO AFALL, it crumbles to dust.
You feel strangely unstable.
It was a scroll of teleportation.
The bat closely misses you. The adder bites you.
You die...

###. #......###
....###...#.....
###....^........###
#..........#.."....
#............<.....
#..........#....##.
#..........########
#..........#
#.@.b......#
#.SKW......#
#...S......#
#$.....$...#
#..........#
############


You could see a phantom, an adder, a bat, a ball python and a kobold.

Vanquished Creatures
  A dart slug (D:1)
  3 ball pythons (D:1)
  2 bats (D:1)
  3 endoplasms (D:1)
  3 giant cockroaches
  A goblin (D:1)
  2 hobgoblins (D:1)
  2 jackals (D:1)
  A quokka (D:1)
  3 frilled lizards (D:1)
  2 kobolds (D:1)
  5 rats (D:1)
28 creatures vanquished.

Notes
Turn   | Place    | Note
-------+----------+-------------------------------------------
     0 | D:1      | OfficerJojo the Naga Warper began the quest for the Orb.
     0 | D:1      | Reached XP level 1. HP: 19/19 MP: 3/3
   597 | D:1      | Reached XP level 2. HP: 14/26 MP: 5/5
  1036 | D:1      | Reached skill level 1 in Armour
  1672 | D:1      | Reached XP level 3. HP: 32/32 MP: 6/6
  2079 | D:2      | Found an iron altar of Okawaru.
  2092 | D:2      | Became a worshipper of Warmaster Okawaru
  2133 | D:2      | Noticed a phantom
  2164 | D:2      | Slain by an adder

Illustrated notes

Levels and vault maps discovered:
D:1:      dpeg_arrival_three_smaller_balls, layout_basic,
          minmay_misc_feat_nine_boxes
D:2:      layout_rooms, basic_altar

Skill      XL: |  1  2 |
---------------+-------+-----
Armour         | 1 |  1.2
Fighting       | |  2.3
Polearms       | |  2.3
Throwing       | |  0.8
Dodging        | |  1.8
Stealth        | |  0.6
Spellcasting   | |  2.1
Translocations | |  3.2

Action                   || total
-------------------------++-------
Melee: Spear             ||    97
Throw: Boomerang         ||     1
 Abil: Spit Poison       ||    20
  Use: Potion            ||     4
       Scroll            ||     2
Armor: Leather armour    ||    37
Dodge: Dodged            ||    74

Table legend: (Time is in decaauts)
 A = Elapsed time spent in this place.
 B = Non-inter-level travel time spent in this place.
 C = Inter-level travel time spent in this place.
 D = Time resting spent in this place.
 E = Time spent auto-exploring this place.
 F = Levels seen in this place.
 G = Mean time per level.
                   A        B        C        D        E       F      G
               +--------+--------+--------+--------+--------+-----+--------+
         Total |   2430 |   2427 |      3 |   1049 |   1034 |   2 | 1215.0 |
       Dungeon |   2430 |   2427 |      3 |   1049 |   1034 |   2 | 1215.0 |
               +--------+--------+--------+--------+--------+-----+--------+

Top non-repeatable levels by time:
     D:1: 2319 daAuts
     D:2: 111 daAuts
